 Dungeon Crawl Stone Soup version 0.31-a0-198-g2ad674f65e (webtiles) character file.

Game seed: 5618929097146328044

569 qw the Skirmisher (level 7, -9/40 HPs)
             Began as a Deep Elf Hunter on June 25, 2023.
             Mangled by Duvessa
             ... wielding a +0 rapier
              (15 damage)
             ... on level 4 of the Dungeon.
             The game lasted 00:01:06 (2485 turns).

qw the Skirmisher (Deep Elf Hunter)                 Turns: 2485, Time: 00:01:07

Health: -9/40      AC:  9    Str: 10    XL:     7   Next: 11%
Magic:  9/9        EV: 11    Int: 14    God:
Gold:   167        SH:  0    Dex: 21    Spells: 6/6 levels left

rFire   . . .        l - +2 sling "Hublahaa" {elec, Drain rC+ Dex+3}
rCold   + . .        (no shield)
rNeg    . . .        g - +0 ring mail
rPois   .            (no helmet)
rElec   .            d - +0 cloak
rCorr   .            k - +2 pair of gloves
SInv    .            (no boots)
Will    .....        (no amulet)
Stlth   +            (no ring)
HPRegen 0.26/turn    (no ring)
MPRegen 0.11/turn

%: no passive effects
@: about to teleport
A: no striking features
a: no special abilities


You were on level 4 of the Dungeon.
You visited 1 branch of the dungeon, and saw 4 of its levels.

You collected 167 gold pieces.


   Skills:
 - Level 2.1 Fighting
 + Level 10.5 Ranged Weapons
 - Level 1.4 Armour
 - Level 3.0 Dodging
 - Level 1.2 Stealth


You had 6 spell levels left.
You didn't know any spells.
Your spell library was empty.

Inventory:

Hand Weapons
 l - the +2 sling "Hublahaa" (weapon) {elec, Drain rC+ Dex+3}
   (You found it on level 2 of the Dungeon)

   Dex:       It affects your dexterity (+3).
   rC:        It protects you from cold.
   Drain:     It drains your maximum health when unequipped.
Armour
 d - a +0 cloak (worn)
 g - a +0 ring mail (worn)
 k - a +2 pair of gloves (worn)
Scrolls
 a - a scroll of identify
 j - a scroll of teleportation
Potions
 b - 2 potions of haste {unknown}
 f - a potion of heal wounds
 h - a potion of enlightenment
 i - a potion of invisibility {unknown}
 m - a potion of lignification {unknown}
 n - a potion of magic {unknown}
 o - a potion of cancellation {unknown}

Dungeon Overview and Level Annotations

Branches:
Dungeon (4/15)
 Temple: D:4-7

Altars:

Annotations:
D:4 Duvessa


Message History

You shoot a sling bullet. The sling bullet hits the quokka.
You kill the quokka!
You see here a quokka corpse.
Dowan, Brother of Duvessa comes into view.
He is wielding a +0 dagger and carrying a wand of digging (2).
Dowan shouts!
You hear a shout!
Enter note: You shoot a sling bullet.
The sling bullet hits Dowan!
Dowan is heavily wounded.
You shoot a sling bullet.
The sling bullet hits Dowan but does no damage.
Lightning courses through Dowan!
You kill Dowan!
You hear a distant scream of rage.
Duvessa, Sister of Dowan comes into view.
She is wielding a +0 rapier.
You shoot a sling bullet.
The sling bullet closely misses Duvessa.
Duvessa goes berserk!
Duvessa rages.
You shoot a sling bullet. The sling bullet barely misses Duvessa.
You shoot a sling bullet. The sling bullet hits Duvessa.
Duvessa is lightly wounded.
You shoot a sling bullet. The sling bullet barely misses Duvessa.
You shoot a sling bullet. The sling bullet hits Duvessa.
Duvessa is lightly wounded.
Duvessa hits you with a +0 rapier! Duvessa completely misses you.
You shoot a sling bullet.
The sling bullet hits Duvessa but does no damage.
Lightning courses through Duvessa!!
Duvessa is moderately wounded.
Duvessa hits you with a +0 rapier!
You shoot a sling bullet. The sling bullet barely misses Duvessa.
Duvessa hits you with a +0 rapier. Duvessa hits you but does no damage.
You shoot a sling bullet. The sling bullet hits Duvessa!
Duvessa is heavily wounded.
Duvessa hits you with a +0 rapier!
2485 ||| READING 2 scrolls of teleportation.
As you read the scroll of teleportation, it crumbles to dust.
You feel strangely unstable. Duvessa hits you but does no damage.
Duvessa hits you with a +0 rapier!
You die...

.. #. ...# ... .......#
.# ##
...##......##.####. ...
..........#.........
.... ..$#...............
..)..##.#...............
#........[...........
###..e@........##......
................##......
###....#..###..%##......
#.#.##...##.%......... #
#.PP...7##.##.......
##.~~~~..#.##.......
#7~~~.P).....#...[.
#.~)~~....#........
#7..~~P.....#..####


You could see Duvessa (berserk).

Vanquished Creatures
  Sigmund (D:2)
  A phantom (D:4)
  A scorpion (D:4)
  Dowan (D:4)
  Jessica (D:2)
  Natasha (thrice) (D:2)
  4 adders
  A worm (D:4)
  3 dart slugs
  7 bats
  7 endoplasms
  6 giant cockroaches
  5 goblins
  6 hobgoblins
  5 quokkas
  6 ball pythons
  A frilled lizard (D:1)
  13 kobolds
  2 rats (D:3)
74 creatures vanquished.

Notes
Turn   | Place    | Note
-------+----------+-------------------------------------------
     0 | D:1      | qw the Deep Elf Hunter began the quest for the Orb.
     0 | D:1      | Reached XP level 1. HP: 12/12 MP: 3/3
     0 | D:1      | 0 ||| qw: Version: 0.3-a-22-g0ed2b0b
     0 | D:1      | 0 ||| qw: Game counter: 5191
     0 | D:1      | 0 ||| qw: Melee chars always use a shield: true
     0 | D:1      | 0 ||| qw: God list: Okawaru
     0 | D:1      | 0 ||| qw: Allow faded altars: false
     0 | D:1      | 0 ||| qw: Do Orc after clearing Dungeon:15 true
     0 | D:1      | 0 ||| qw: Do second Lair branch before Depths: true
     0 | D:1      | 0 ||| qw: Lair rune preference: random
     0 | D:1      | 0 ||| qw: Goals: Normal
     0 | D:1      | 0 ||| PLANNING D:1-11
    36 | D:1      | 36 ||| FLEEEEING.
   127 | D:1      | Reached XP level 2. HP: 15/16 MP: 4/4
   128 | D:1      | Reached skill level 6 in Ranged Weapons
   387 | D:1      | Reached XP level 3. HP: 20/20 MP: 5/5
   801 | D:1      | 801 ||| READING 2 scrolls labelled UPPYON XODY.
   802 | D:1      | 802 ||| READING scroll labelled XON CAITEURCH.
   803 | D:1      | 803 ||| DRINKING 2 brown potions.
   806 | D:1      | 806 ||| DROPPING scroll of butterflies.
   807 | D:1      | 807 ||| DROPPING potion of ambrosia.
   838 | D:2      | Noticed Sigmund
   841 | D:2      | 841 ||| FLEEEEING.
   842 | D:2      | 842 ||| FLEEEEING.
   843 | D:2      | 843 ||| FLEEEEING.
   844 | D:2      | 844 ||| FLEEEEING.
   845 | D:2      | 845 ||| FLEEEEING.
   846 | D:2      | 846 ||| FLEEEEING.
   847 | D:2      | 847 ||| FLEEEEING.
   848 | D:2      | 848 ||| FLEEEEING.
   849 | D:2      | 849 ||| FLEEEEING.
   850 | D:2      | 850 ||| FLEEEEING.
   851 | D:2      | 851 ||| STAIRDANCE
   876 | D:2      | 876 ||| STAIRDANCE
   909 | D:2      | 909 ||| STAIRDANCE
   954 | D:2      | Killed Sigmund
   955 | D:2      | Reached skill level 9 in Ranged Weapons
   955 | D:2      | Reached XP level 4. HP: 25/25 MP: 6/6
   955 | D:2      | Reached XP level 5. HP: 29/29 MP: 7/7
  1012 | D:2      | Noticed Natasha
  1016 | D:2      | Killed Natasha
  1017 | D:2      | Reached skill level 3 in Dodging
  1046 | D:2      | Noticed Jessica
  1051 | D:2      | Killed Jessica
  1052 | D:2      | Reached XP level 6. HP: 35/35 MP: 8/8
  1375 | D:2      | Identified the +2 sling "Hublahaa" {elec, Drain rC+ Dex+3}
  1377 | D:2      | 1377 ||| SWAPPING to +2 sling "Hublahaa" {elec, Drain rC+
                  | Dex+3}.
  1378 | D:2      | 1378 ||| DROPPING +1 shortbow.
  1385 | D:2      | Noticed Natasha
  1386 | D:2      | Killed Natasha
  1597 | D:2      | Noticed Natasha
  1602 | D:2      | Killed Natasha
  1639 | D:2      | 1639 ||| UPGRADING to +0 pair of gloves.
  1644 | D:2      | 1644 ||| UPGRADING to +0 ring mail.
  1654 | D:2      | 1654 ||| DROPPING +0 leather armour.
  1655 | D:2      | 1655 ||| UPGRADING to +2 pair of gloves.
  1665 | D:2      | 1665 ||| DROPPING +0 pair of gloves.
  1666 | D:2      | 1666 ||| READING 2 scrolls labelled QEGIOJEIDUT.
  1671 | D:2      | 1671 ||| READING scroll labelled UXKOECYCIK.
  1672 | D:2      | 1672 ||| DRINKING 2 glowing dark potions.
  1673 | D:2      | 1673 ||| READING 3 scrolls of identify.
  1673 | D:2      | 1673 ||| IDENTIFYING ruby potion
  1674 | D:2      | 1674 ||| READING 2 scrolls of identify.
  1674 | D:2      | 1674 ||| IDENTIFYING emerald potion
  1675 | D:2      | 1675 ||| DROPPING potion of brilliance.
  2356 | D:3      | 2356 ||| DROPPING +1 pair of gloves.
  2357 | D:3      | 2357 ||| UPGRADING to +0 cloak.
  2362 | D:3      | 2362 ||| READING scroll labelled WIDAUCONNU.
  2363 | D:3      | 2363 ||| READING 2 scrolls of identify.
  2363 | D:3      | 2363 ||| IDENTIFYING grey potion
  2364 | D:3      | 2364 ||| DROPPING potion of berserk rage.
  2408 | D:4      | Reached skill level 1 in Armour
  2419 | D:4      | Reached skill level 10 in Ranged Weapons
  2425 | D:4      | Reached XP level 7. HP: 40/40 MP: 9/9
  2474 | D:4      | Noticed Dowan
  2476 | D:4      | Killed Dowan
  2476 | D:4      | Noticed Duvessa
  2484 | D:4      | HP: 6/40 [Duvessa/+0 rapier (8)]
  2485 | D:4      | 2485 ||| READING 2 scrolls of teleportation.
  2485 | D:4      | Mangled by Duvessa

Levels and vault maps discovered:
D:1:      dpeg_arrival_erosion, layout_basic
D:2:      layout_rooms, minmay_hedge_maze, item_on_display_a, uniq_jessica,
          uniq_sigmund, uniq_natasha
D:3:      layout_loops_corners, chequers_mini_garden
D:4:      minmay_bubble_buster, layout_rooms, serial_demonic, serial_demonic_a,
          serial_demonic_f, serial_demonic_b, serial_demonic_d, uniq_duvessa

Skill      XL: |  1  2  3  4  5  6 |
---------------+-------------------+-----
Ranged Weapons | 6 9 10 | 10.5
Dodging        | 3 |  3.0
Fighting       | 2 |  2.1
Armour         | 1 |  1.4
Stealth        | |  1.2

Action                     |  1- 3 |  4- 6 |  7- 9 || total
---------------------------+-------+-------+-------++-------
   Fire: Shortbow          |    95 |    43 |       ||   138
         Sling             |       |    57 |    23 ||    80
    Use: Scroll            |     2 |     6 |     1 ||     9
         Potion            |     1 |     1 |       ||     2
 Armour: Leather armour    |     7 |     9 |       ||    16
         Ring mail         |       |     5 |     4 ||     9
  Dodge: Dodged            |    17 |    22 |     3 ||    42

Table legend:
 A = Non-vault XP
 B = Vault XP
 C = Vault XP percentage of total XP
 D = Non-vault monster count
 E = Vault monster count
 F = Vault count percentage of total count
                 A         B        C        D         E       F
            +---------+---------+-------+---------+---------+-------
      Total |     434 |     380 |  46.7 |      70 |       4 |   5.4
            +---------+---------+-------+---------+---------+-------
        D:1 |      58 |       0 |   0.0 |      31 |       0 |   0.0
        D:2 |     120 |     311 |  72.2 |      15 |       3 |  16.7
        D:3 |      34 |       0 |   0.0 |      13 |       0 |   0.0
        D:4 |     222 |      69 |  23.7 |      11 |       1 |   8.3
            +---------+---------+-------+---------+---------+-------
